 Dungeon Crawl Stone Soup version 0.17.1-3-g152610e (webtiles) character file.

18 jacquesderrida the Caller (level 2, 17/19 HPs)
             Began as a Demonspawn Summoner on Apr 25, 2016.
             Quit the game on level 2 of the Dungeon.
             The game lasted 00:04:44 (706 turns).

jacquesderrida the Caller (Demonspawn Summoner)      Turns: 706, Time: 00:04:44

Health: 17/19      AC:  2    Str:  8    XL:     2   Next: 48%
Magic:  5/5        EV: 12    Int: 16    God:
Gold:   46         SH:  0    Dex: 13    Spells: 2 memorised, 2 levels left

rFire  . . .     SeeInvis .     m - +0 flail
rCold  . . .     Clarity  .     a - +0 robe
rNeg   . . .     SustAt   .     (no shield)
rPois  .         Gourm    .     (no helmet)
rElec  .         Spirit   .     (no cloak)
rCorr  .         Warding  .     (no gloves)
rMut   .         Stasis   .     (no boots)
MR     .....                    (no amulet)
Stlth  ++........               (no ring)
                                (no ring)

@: not resistant to hostile enchantments, unstealthy
A: talons 1
a: no special abilities


You were on level 2 of the Dungeon.
You were hungry.

You visited 1 branch of the dungeon, and saw 2 of its levels.

You collected 46 gold pieces.

Inventory:

Hand Weapons
 d - a +0 dagger
 m - a +0 flail (weapon)
Missiles
 h - 4 poisoned needles
 p - a throwing net (quivered)
Armour
 a - a +0 robe (worn)
Scrolls
 f - a scroll of enchant armour {unknown}
 g - 3 scrolls of identify {unknown}
 o - a scroll of magic mapping {unknown}
Potions
 e - a potion of flight {unknown}
 j - a potion of ambrosia {unknown}
 k - a potion of mutation {unknown}
 l - 2 potions of curing {unknown}
 n - 2 potions of haste {unknown}
Books
 b - a book of Callings

   Spells                             Type                      Level
   a - Summon Small Mammal            Summoning                    1
   b - Call Imp                       Summoning                    2
   c - Call Canine Familiar           Summoning                    3
   d - Summon Guardian Golem          Hexes/Summoning              3
   e - Summon Lightning Spire         Summoning/Air                4
   f - Summon Ice Beast               Ice/Summoning                4
Comestibles
 c - a bread ration
 i - 3 chunks of flesh


   Skills:
 - Level 1.7 Dodging
 - Level 1.7 Stealth
 - Level 2.0 Spellcasting
 + Level 4.7 Summonings


You had 2 spell levels left.
You knew the following spells:

 Your Spells              Type           Power        Failure   Level  Hunger
a - Summon Small Mammal   Summ           ###.         3%          1    #......
b - Call Imp              Summ           ###.....     6%          2    ###....


Dungeon Overview and Level Annotations

Branches:
Dungeon (2/15)

Altars:


Innate Abilities, Weirdness & Mutations

You have sharp toenails.


Message History

Confirm with . or Enter, or press ? or * to list all spells.
A beastly little devil appears in a puff of flame.
Casting: Call Imp
Confirm with . or Enter, or press ? or * to list all spells.
A beastly little devil appears in a puff of flame.
Your crimson imp hits the kobold.
The kobold dies!
You swap places.
You swap places.
You swap places.
Things that are here:
a dagger; a kobold corpse You see here 17 stones.
Your crimson imp says, "You're so much nicer than my last boss."
Found a throwing net.
You see here a throwing net.
p - a throwing net Your crimson imp disappears in a puff of smoke!
You are feeling hungry.
Are you sure you want to abandon this character and quit the game? (Confirm with "yes".)

################## ########
.... ..##.......# #.......
##.###.##.......# #.######
##...##.##.......######.#### #
#..........................# #
#
##...##.##...@...######.##.###
#.###.###.##.......# ##.......
#.........##.......# #.......#
####.#w#########.### #.###.#.#
#.5.# #.# #.###.#.# ##.## #.#
#.#...#.# #.# ##'## #.#.###.#
#.# ##...## #.......# #.##
##.....## ###.#####


There were no monsters in sight!

Vanquished Creatures
  A bat (D:1)
  A hobgoblin (D:1)
2 creatures vanquished.

Vanquished Creatures (collateral kills)
  A worm (D:2)
  4 bats
  2 hobgoblins
  2 jackals (D:1)
  2 giant cockroaches (D:1)
  A giant newt (D:1)
  2 goblins (D:1)
  3 kobolds (D:2)
  3 rats
20 creatures vanquished.

Grand Total: 22 creatures vanquished

Notes
Turn   | Place    | Note
--------------------------------------------------------------
     0 | D:1      | jacquesderrida the Demonspawn Summoner began the quest for the Orb.
     0 | D:1      | Reached XP level 1. HP: 13/13 MP: 3/3
   300 | D:1      | Gained mutation: You have sharp toenails. [demonic ancestry]
   300 | D:1      | Reached XP level 2. HP: 10/19 MP: 0/5
   325 | D:1      | Learned a level 2 spell: Call Imp
   706 | D:2      | Quit the game

Action                   || total
-------------------------++-------
Melee: Dagger            ||    21
       Flail             ||     2
 Cast: Summon Small Mamm ||    23
       Call Imp          ||    11
 Stab: Sleeping          ||     1
